 Dungeon Crawl Stone Soup version 0.27-a0-1232-gc6a4cbde82 (webtiles) character file.

Game seed: 12523097406936378179

3174 pokeman the Thaumaturge (level 9, -3/48 HPs)
             Began as a Deep Elf Hedge Wizard on June 8, 2021.
             Slain by a steam dragon (5 damage)
             ... on level 8 of the Dungeon.
             The game lasted 00:21:29 (9976 turns).

pokeman the Thaumaturge (Deep Elf Hedge Wizard)     Turns: 9976, Time: 00:21:29

Health: -3/48      AC: 11    Str: 16    XL:     9   Next: 63%
Magic:  18/26      EV: 12    Int: 23    God:
Gold:   291        SH:  0    Dex: 14    Spells: 8/31 levels left

rFire    . . .     SeeInvis .   p - +0 rapier (venom)
rCold    x . .     Faith    .   (no shield)
rNeg     + . .     Spirit   .   q - +3 leather armour
rPois    .         Reflect  +   G - +0 helmet
rElec    +         Harm     .   K - +0 cloak
rCorr    .         Rampage  .   (no gloves)
Will     .....                  w - +2 pair of boots
Stlth    +.........             C - amulet of reflection
HPRegen  0.16/turn              m - ring of positive energy
MPRegen  0.20/turn              c - ring of Siepsu Etru {Fly rElec rC- Will- Str+9}

@: confused, flying
A: no striking features
a: no special abilities


You were on level 8 of the Dungeon.
You visited 2 branches of the dungeon, and saw 9 of its levels.

You collected 291 gold pieces.

Inventory:

Hand Weapons
 p - a +0 rapier of venom (weapon)
 F - a +1 shortbow of freezing
 J - a +2 quarterstaff of chaos
Missiles
 h - 104 bolts
 l - 14 curare-tipped darts
 D - 93 arrows
 H - 4 throwing nets
Armour
 q - a +3 leather armour (worn)
 v - a +0 buckler
 w - a +2 pair of boots (worn)
 G - a +0 helmet (worn)
 K - a +0 cloak (worn)
Jewellery
 c - the ring of Siepsu Etru (right hand) {Fly rElec rC- Will- Str+9}
   (You found it on level 6 of the Dungeon)

   [ring of flight]

   It affects your strength (+9).
   It makes you vulnerable to cold.
   It insulates you from electricity.
   It grants you flight.
   It decreases your willpower.
 m - a ring of positive energy (left hand)
 u - a ring of fire
 A - a ring of resist corrosion
 C - an amulet of reflection (around neck)
Wands
 L - a wand of paralysis (7)
Scrolls
 a - 5 scrolls of teleportation {unknown}
 b - 2 scrolls of noise {unknown}
 e - a scroll of enchant weapon {unknown}
 g - 2 scrolls of identify {unknown}
 i - 2 scrolls of amnesia {unknown}
 j - a scroll of magic mapping {unknown}
 k - a scroll of summoning {unknown}
 y - a scroll of vulnerability {unknown}
 z - 2 scrolls of fear {unknown}
 E - 2 scrolls of enchant armour {unknown}
 I - a scroll of acquirement {unknown}
Potions
 d - a potion of lignification {unknown}
 f - a potion of berserk rage {unknown}
 n - a potion of degeneration {unknown}
 o - a potion of heal wounds
 r - 2 potions of flight {unknown}
 s - 2 potions of brilliance {unknown}
 t - a potion of ambrosia {unknown}
 x - a potion of mutation {unknown}
 B - a potion of attraction {unknown}


   Skills:
 - Level 2.1 Fighting
 - Level 2.2 Armour
 - Level 3.0 Dodging
 - Level 4.0 Stealth
 + Level 2.5 Shields
 * Level 11.6 Spellcasting
 + Level 6.5 Conjurations
 - Level 1.1 Summonings
 - Level 1.1 Translocations
 + Level 5.3 Fire Magic
 - Level 2.0 Air Magic
 - Level 2.3 Earth Magic
 - Level 1.1 Poison Magic
 + Level 0.9 Evocations


You had 8 spell levels left.
You knew the following spells:

 Your Spells              Type           Power      Damage    Failure   Level
a - Magic Dart            Conj           100%       1d8       1%          1
b - Mephitic Cloud        Conj/Pois/Air  28%        N/A       4%          3
c - Call Imp              Summ           18%        N/A       5%          2
d - Blink                 Tloc           N/A        N/A       5%          2
e - Conjure Flame         Conj/Fire      40%        6-21      1%          3
f - Bolt of Magma         Conj/Fire/Erth 17%        4d9       24%         5
g - Orb of Destruction    Conj           21%        9d9       98%         7

Your spell library contained the following spells:

 Spells                   Type           Power      Damage    Failure   Level
 Animate Skeleton         Necr           26%        N/A       6%          1
 Pain                     Necr           52%        1d6       6%          1
 Slow                     Hex            13%        N/A       9%          2
 Iskenderun's Battlesphe  Conj           43%        2d9       11%         5
 Vampiric Draining        Necr           6%         2d6       19%         3
 Animate Dead             Necr           6%         N/A       52%         4
 Iron Shot                Conj/Erth      16%        9d4       82%         6
 Agony                    Necr           13%        N/A       86%         5
 Spellforged Servitor     Conj/Summ      15%        N/A       100%        7


Dungeon Overview and Level Annotations

Branches:
Dungeon (8/15)             Temple (1/1) D:7
   Lair: D:8-11

Altars:
Ashenzari
Dithmenos
Elyvilon
Fedhas
Gozag
Hepliaklqana
Kikubaaqudgha
Makhleb
Nemelex Xobeh
Okawaru
Qazlal
Sif Muna
Trog
Uskayaw
Wu Jian
Xom
Yredelemnul
Zin
The Shining One


Message History

The ball of steam hits you!
You hear an angry hiss.
You hear a shout! x2
Casting: Magic Dart (safe; 1% risk of failure)
Confirm with . or Enter, or press ? or * to list all spells.
You can't see any susceptible monsters within range! (Use Z to cast anyway.) Unknown command.
A steam dragon comes into view.
An orc warrior comes into view. It is wielding a +0 trident.
The steam dragon breathes steam at you. The ball of steam misses you.
The steam dragon breathes steam at you. The ball of steam hits you!!
* * * LOW HITPOINT WARNING * * *
You are engulfed in a cloud of scalding steam.
* * * LOW HITPOINT WARNING * * *
Casting: Magic Dart (safe; 1% risk of failure)
Confirm with . or Enter, or press ? or * to list all spells.
The fire begins to smoulder!
The fire ignites!
Casting: Conjure Flame (safe; 1% risk of failure)
Confirm with . or Enter, or press ? or * to list all spells.
Aiming: Mephitic Cloud (dangerous; 4% risk of failure)
Press: ? - help, Shift-Dir - straight line, f - steam dragon
Aim: a steam dragon (chance to affect: 81%)
The ball explodes into a vile cloud!
The stinking cloud engulfs the steam dragon but does no damage.
The steam dragon is engulfed in noxious fumes.
The steam dragon breathes steam at you. The ball of steam hits you.
* * * LOW HITPOINT WARNING * * *
Unknown command.
Casting: Mephitic Cloud (dangerous; 4% risk of failure)
Confirm with . or Enter, or press ? or * to list all spells.
You blink.
You are engulfed in noxious fumes.
You choke on the stench!
You are confused.
The steam dragon is engulfed in noxious fumes.
The steam dragon appears confused.
The steam dragon bites you but does no damage.
The steam dragon barely misses you. The steam dragon bites you.
You die...

.######....§.###
#.###
.........#.....## #.#
# #.....#.#.# ### #
#.§.#..#.# #
#.#######.§D.#..##. #
#.)...............# #
########..#...#.### #
##.#Do### ##########
##.#@D#######........
#.###.○§§§....#######
#..#.#######..# #.#.#
#..# #.#.# #..# #.# #
#..# #.#.########..#
#.#...........#
#.##########.##


You could see 2 steam dragons and an orc warrior (confused).

Vanquished Creatures
  A manticore (D:7)
  A centaur zombie (D:6)
  A hornet (D:7)
  Eustachio (D:4)
  A water moccasin (D:3)
  A hornet zombie (D:8)
  2 sky beasts (D:6)
  A black bear (D:4)
  2 centaurs
  A kobold brigand (D:7)
  A scorpion (D:4)
  A wyvern skeleton (D:7)
  3 killer bees (D:8)
  10 wights
  A jelly (D:6)
  Crazy Yiuf (D:7)
  3 hounds
  A centaur skeleton (D:7)
  An orc priest (D:7)
  2 iguanas
  4 orc wizards
  Natasha (thrice) (D:4)
  8 gnolls
  13 adders
  2 ufetubi
  2 adder skeletons (D:4)
  A worm (D:3)
  2 dart slugs
  15 orcs
  7 ball pythons
  8 bats
  8 endoplasms
  3 giant cockroaches
  6 goblins
  7 hobgoblins
  3 quokkas
  4 frilled lizards
  14 kobolds
  11 rats
157 creatures vanquished.

Vanquished Creatures (collateral kills)
  A worm (D:2)
1 creature vanquished.

Vanquished Creatures (others)
  20 plants
20 creatures vanquished.

Grand Total: 178 creatures vanquished

Notes
Turn   | Place    | Note
-------+----------+-------------------------------------------
     0 | D:1      | pokeman the Deep Elf Hedge Wizard began the quest for the
                  | Orb.
     0 | D:1      | Reached XP level 1. HP: 10/10 MP: 7/7
   201 | D:1      | Reached XP level 2. HP: 13/15 MP: 6/9
   731 | D:1      | Reached skill level 5 in Spellcasting
   935 | D:1      | Reached XP level 3. HP: 20/20 MP: 8/11
   939 | D:1      | Learned a level 3 spell: Mephitic Cloud
   942 | D:1      | Learned a level 2 spell: Call Imp
   945 | D:1      | Learned a level 2 spell: Blink
   949 | D:1      | Learned a level 3 spell: Conjure Flame
  1216 | D:1      | Found a faded altar of an unknown god.
  1487 | D:2      | Reached skill level 1 in Fighting
  1487 | D:2      | Reached skill level 1 in Armour
  2014 | D:2      | HP: 1/20 [worm (8)]
  2369 | D:2      | Reached XP level 4. HP: 25/25 MP: 9/13
  3489 | D:3      | Reached skill level 1 in Fire Magic
  3816 | D:4      | Noticed Natasha
  3818 | D:4      | Killed Natasha
  3824 | D:4      | Reached XP level 5. HP: 19/29 MP: 8/15
  3981 | D:4      | Reached skill level 6 in Spellcasting
  3982 | D:4      | Noticed Natasha
  3989 | D:4      | Killed Natasha
  4049 | D:4      | Noticed a water moccasin
  4103 | D:4      | Noticed Eustachio
  4114 | D:4      | Killed Eustachio
  4115 | D:4      | Reached skill level 1 in Air Magic
  4115 | D:4      | Reached XP level 6. HP: 14/34 MP: 4/17
  4369 | D:4      | Reached skill level 7 in Spellcasting
  4518 | D:4      | Noticed Natasha
  4523 | D:4      | Killed Natasha
  4598 | D:3      | Killed a water moccasin
  4599 | D:3      | Reached XP level 7. HP: 6/38 MP: 6/20
  4893 | D:4      | Reached skill level 1 in Poison Magic
  5200 | D:4      | Reached skill level 8 in Spellcasting
  5969 | D:5      | Entered Level 5 of the Dungeon
  6023 | D:5      | Reached XP level 8. HP: 12/44 MP: 17/22
  6276 | D:5      | Learned a level 5 spell: Bolt of Magma
  6284 | D:5      | Learned a level 7 spell: Orb of Destruction
  7105 | D:6      | Reached skill level 9 in Spellcasting
  7144 | D:6      | Reached skill level 1 in Earth Magic
  7300 | D:6      | Reached skill level 5 in Conjurations
  7499 | D:6      | Reached skill level 10 in Spellcasting
  7751 | D:6      | You fall into a shaft and drop 1 floor!
  7941 | D:6      | Reached XP level 9. HP: 48/48 MP: 12/25
  8049 | D:6      | Found a glowing silver altar of Zin.
  8049 | D:6      | Noticed an angel
  8092 | D:6      | Found a shimmering altar of Xom.
  8241 | D:6      | Reached skill level 1 in Shields
  8273 | D:6      | Identified the ring of Siepsu Etru {Fly rElec rC- Will-
                  | Str+9}
  8741 | D:7      | Noticed a manticore
  8750 | D:7      | Killed a manticore
  8751 | D:7      | Reached skill level 11 in Spellcasting
  8865 | D:7      | Found a staircase to the Ecumenical Temple.
  8871 | Temple   | Entered the Ecumenical Temple
  9173 | D:7      | Reached skill level 5 in Fire Magic
  9641 | D:7      | Found a runed translucent door.
  9642 | D:7      | Noticed Crazy Yiuf
  9653 | D:7      | Killed Crazy Yiuf
  9802 | D:8      | Found a shimmering blue altar of Sif Muna.
  9802 | D:8      | Found an ancient bone altar of Kikubaaqudgha.
  9854 | D:8      | Found a stormy altar of Qazlal.
  9854 | D:8      | Found a sparkling altar of Nemelex Xobeh.
  9854 | D:8      | Found a hide-covered altar of Uskayaw.
  9855 | D:8      | Found a blossoming altar of Fedhas.
  9857 | D:8      | Found a basalt altar of Yredelemnul.
  9858 | D:8      | Found a burning altar of Makhleb.
  9975 | D:8      | HP: 2/48 [steam dragon/ball of steam (5)]
  9976 | D:8      | Slain by a steam dragon

Illustrated notes

Levels and vault maps discovered:
D:1:      dpeg_arrival_arbitrary_c, layout_basic, ebering_ecumenical_altar_box,
          serial_park_tiny_2, ebering_dispersal_statue_hall, minivault_23,
          minmay_close_crescents
D:2:      layout_loops_cross, st_stairs_1
D:3:      layout_basic
D:4:      layout_loops_cross, serial_bayou_pond_d, serial_bayou_pond_c,
          minmay_misc_feat_chi, minmay_joined_circles, uniq_eustachio,
          uniq_natasha
D:5:      layout_basic, kennysheep_pointless_box,
          minmay_a_box_with_orc_wizards_in_it
D:6:      layout_loops_corners, grunt_temple_overflow_order_and_chaos_1,
          minmay_misc_feat_room
D:7:      layout_cave_pools, minmay_temple_entry_statues_pillars, serial_glass,
          glass_columns_b, glass_columns_c, uniq_crazy_yiuf_cottage
D:8:      layout_loops_ring, grunt_temple_overflow_open,
          erik_lair_orcish_takeover, minmay_increasing_density, uniq_maggie,
          uniq_harold
Temple:   compressed_dpeg_triangle_lava_temple

Skill      XL: |  1  2  3  4  5  6  7  8  9 |
---------------+----------------------------+-----
Spellcasting   | 5 6 7 8 10 11 | 11.6
Fighting       | 1 2 |  2.1
Armour         | 1 2 |  2.2
Conjurations   | 2 3 4 5 6 |  6.5
Fire Magic     | 1 2 4 5 |  5.3
Dodging        | 3 |  3.0
Stealth        | 3 4 |  4.0
Air Magic      | 1 2 |  2.0
Poison Magic   | 1 |  1.1
Earth Magic    | 2 |  2.3
Shields        | 2 |  2.5
Summonings     | |  1.1
Translocations | |  1.1
Evocations     | |  0.9

Action                   |  1- 3 |  4- 6 |  7- 9 || total
-------------------------+-------+-------+-------++-------
Melee: Dagger            |    10 |    15 |       ||    25
       Rapier            |       |     1 |    95 ||    96
 Fire: Shortbow          |       |       |    52 ||    52
 Cast: Magic Dart        |   114 |    98 |   177 ||   389
       Call Imp          |     3 |     1 |     2 ||     6
       Mephitic Cloud    |       |     4 |    17 ||    21
       Blink             |       |     4 |     1 ||     5
       Conjure Flame     |       |     5 |    19 ||    24
  Use: Potion            |       |     1 |       ||     1
 Stab: Sleeping          |     1 |     1 |       ||     2
       Confused          |       |     3 |     5 ||     8
Armor: Leather armour    |       |     6 |    59 ||    65
Dodge: Dodged            |    19 |    15 |    67 ||   101
Block: Other             |       |       |     6 ||     6

Table legend: (Time is in decaauts)
 A = Elapsed time spent in this place.
 B = Non-inter-level travel time spent in this place.
 C = Inter-level travel time spent in this place.
 D = Time resting spent in this place.
 E = Time spent auto-exploring this place.
 F = Levels seen in this place.
 G = Mean time per level.
                   A        B        C        D        E       F      G
               +--------+--------+--------+--------+--------+-----+--------+
         Total |  10012 |   9657 |    355 |    728 |   7494 |   9 | 1112.4 |
       Dungeon |   9733 |   9404 |    329 |    728 |   7243 |   8 | 1216.6 |
        Temple |    278 |    252 |     26 |      0 |    251 |   1 |  278.0 |
               +--------+--------+--------+--------+--------+-----+--------+

Top non-repeatable levels by time:
     D:4: 1766 daAuts
     D:6: 1592 daAuts
     D:3: 1445 daAuts
     D:1: 1437 daAuts
     D:2: 1329 daAuts
     D:5: 1001 daAuts
     D:7: 925 daAuts
  Temple: 278 daAuts
     D:8: 235 daAuts
